 Dungeon Crawl Stone Soup version 0.21-a0-528-gf531e82 (webtiles) character file.

2802 slep the Cleaver (level 9, 0/46 HPs)
             Began as a Vine Stalker Gladiator on Dec 9, 2017.
             Was an Initiate of Okawaru.
             Slain by a two-headed ogre
             ... wielding a +0 giant club
              (16 damage)
             ... on level 8 of the Dungeon.
             The game lasted 00:26:19 (6841 turns).

slep the Cleaver (Vine Stalker Gladiator)           Turns: 6841, Time: 00:26:20

Health: 0/46       AC: 18    Str: 20    XL:     9   Next: 71%
Magic:  0/10       EV:  9    Int:  8    God:    Okawaru [......]
Gold:   452        SH:  5    Dex: 16    Spells: 8/8 levels left

rFire    . . .     SeeInvis .   D - +4 hand axe
rCold    . . .     Gourm    .   g - +0 buckler
rNeg     + . .     Faith    .   u - +2 chain mail {rPois}
rPois    +         Spirit   +   c - +0 helmet
rElec    .         Reflect  .   C - +2 cloak {rPois}
rCorr    .         Harm     .   I - +1 pair of gloves
MR       +....                  (no boots)
Stlth    ..........             e - amulet of magic regeneration
HPRegen  0.55/turn              m - ring of wizardry
MPRegen  0.37/turn              w - ring of positive energy

@: no status effects
A: fangs 3, regeneration 1, magic shield, antimagic bite, no potion heal 3, rot
immunity
a: Renounce Religion


You were on level 8 of the Dungeon.
You worshipped Okawaru.
Okawaru was noncommittal.
You were not hungry.

You visited 2 branches of the dungeon, and saw 9 of its levels.
You also visited: Sewer.

You collected 452 gold pieces.

Inventory:

Hand Weapons
 a - a +0 war axe
 D - a +4 hand axe (weapon)
 J - the +3 mace "Ituget" {crush, +Rage rC- Str+3 SInv}
   (You found it on level 6 of the Dungeon)

   It inflicts extra damage upon your enemies.
   It affects your strength (+3).
   It makes you vulnerable to cold.
   It lets you see invisible.
   It lets you go berserk.
Missiles
 d - 3 throwing nets (quivered)
 o - 4 tomahawks
Armour
 b - a +0 leather armour
 c - a +0 helmet (worn)
 g - a +0 buckler (worn)
 l - a +1 pair of gloves
 u - a +2 chain mail of poison resistance (worn)
 C - a +2 cloak of poison resistance (worn)
 H - a -1 cloak
 I - a +1 pair of gloves (worn)
Jewellery
 e - an amulet of magic regeneration (around neck)
 m - a ring of wizardry (left hand)
 w - a ring of positive energy (right hand)
Wands
 k - a wand of disintegration (11)
 v - a wand of polymorph (16)
Scrolls
 h - 3 scrolls of remove curse
 i - a scroll of noise {unknown}
 j - a scroll of enchant armour {unknown}
 n - 4 scrolls of fog {unknown}
 p - 2 scrolls of magic mapping {unknown}
 q - 4 scrolls of teleportation {unknown}
 r - a scroll of fear {unknown}
 s - a scroll of blinking {unknown}
 t - 13 scrolls of identify {unknown}
 y - a scroll of amnesia {unknown}
 E - a scroll of random uselessness {unknown}
 L - a scroll of silence {unknown}
Potions
 z - 2 potions of ambrosia {unknown}
 F - 2 potions of heal wounds {unknown}
 G - a potion of brilliance
 K - a potion of curing
Comestibles
 f - 2 bread rations
 x - a meat ration
 A - 8 fruits
 B - a royal jelly


   Skills:
 + Level 4.8 Fighting
 + Level 8.6 Axes
 + Level 2.0 Throwing
 + Level 5.0 Armour
 + Level 3.7 Dodging
 + Level 2.0 Stealth
 + Level 2.6 Shields


You had 8 spell levels left.
You didn't know any spells.

Dungeon Overview and Level Annotations

Branches:
Dungeon (8/15)             Temple (1/1) D:7
   Lair: D:8-11

Altars:
Ashenzari
Cheibriados
Dithmenos
Elyvilon
Fedhas
Gozag
Hepliaklqana
Kikubaaqudgha
Makhleb
Nemelex Xobeh
Okawaru
Qazlal
Ru
Sif Muna
Trog
Uskayaw
Vehumet
Xom
Zin
The Shining One


Innate Abilities, Weirdness & Mutations

You have razor-sharp teeth.
Your natural rate of healing is unusually fast.
When hurt, damage is shared between your health and your magic reserves.
Your bite disrupts and absorbs the magic of your enemies.
Potions cannot restore your health.
You are immune to rotting.


Message History

You bite the two-headed ogre. You drain its power.
The two-headed ogre is moderately wounded.
You hit the two-headed ogre.
The two-headed ogre is moderately wounded.
The two-headed ogre hits you with a giant club!
The two-headed ogre hits you with a giant club.
You hit the two-headed ogre.
The two-headed ogre is moderately wounded.
The two-headed ogre hits you with a giant club. x2
You hit the two-headed ogre. You bite the two-headed ogre. You drain its power.
You feel invigorated.
The two-headed ogre is heavily wounded.
You hit the two-headed ogre.
The two-headed ogre is heavily wounded.
The two-headed ogre hits you but does no damage.
The two-headed ogre barely misses you.
You slash the two-headed ogre! Your bite misses the two-headed ogre.
The two-headed ogre is severely wounded.
The two-headed ogre hits you with a giant club!!
You die...

#######.### #.#
<# #.# .### #.#
....# #.# ....#
#.# ###......
#(#####.#......
#(...())...>...
#:#####@#.####.
#.# #O# # #.#
..# #.# ####
#.# #.# #.


You could see a two-headed ogre.

Vanquished Creatures
  Pikel (D:5)
  Grinder (D:4)
  Sigmund (D:4)
  2 sky beasts
  4 slaves (D:5)
  2 ice beasts
  4 ogres
  A big kobold (D:8)
  A gnoll sergeant (D:5)
  A bullfrog (D:7)
  A water moccasin zombie (D:5)
  3 scorpions
  3 howler monkeys
  A crimson imp (D:5)
  2 hounds
  A jelly (D:8)
  A bullfrog skeleton (D:7)
  Crazy Yiuf (D:6)
  A centaur skeleton (D:7)
  3 orc wizards
  4 worker ants
  8 gnolls (D:5)
  15 adders
  A shadow imp (D:5)
  11 oozes
  An adder zombie (D:5)
  An adder skeleton (D:4)
  A worm (D:3)
  14 leopard geckos
  16 orcs
  8 ball pythons
  14 giant cockroaches
  5 goblins
  6 hobgoblins
  4 jackals
  3 quokkas
  5 bats
  12 frilled lizards
  14 kobolds
  2 quokka skeletons (D:6)
  A quokka zombie (D:6)
  7 rats
188 creatures vanquished.

Notes
Turn   | Place    | Note
-------+----------+-------------------------------------------
     0 | D:1      | slep the Vine Stalker Gladiator began the quest for the Orb.
     0 | D:1      | Reached XP level 1. HP: 11/11 MP: 2/2
   313 | D:1      | Reached XP level 2. HP: 15/15 MP: 3/3
   721 | D:2      | Reached skill level 3 in Axes
   806 | D:2      | Reached XP level 3. HP: 9/18 MP: 2/4
   972 | D:2      | Found a hazy altar of Hepliaklqana.
  1619 | D:3      | Found a glowing drain.
  1634 | D:3      | Reached skill level 1 in Stealth
  1634 | D:3      | Gained mutation: Your natural rate of healing is unusually fast. [Vine Stalker growth]
  1634 | D:3      | Reached XP level 4. HP: 15/23 MP: 3/5
  1646 | Sewer    | Entered a sewer
  1750 | Sewer    | Reached XP level 5. HP: 27/27 MP: 6/6
  1785 | Sewer    | Reached skill level 1 in Armour
  1818 | Sewer    | Reached skill level 4 in Axes
  1921 | Sewer    | Reached XP level 6. HP: 32/32 MP: 7/7
  2016 | D:3      | Found a deep blue altar of Sif Muna.
  2789 | D:4      | Found a sparkling altar of Nemelex Xobeh.
  2796 | D:4      | Noticed Grinder
  2809 | D:4      | Paralysed by Grinder for 7 turns
  2819 | D:4      | Noticed Sigmund
  2950 | D:4      | Reached skill level 5 in Axes
  3033 | D:4      | Killed Grinder
  3033 | D:4      | Reached XP level 7. HP: 21/36 MP: 8/8
  3050 | D:4      | Killed Sigmund
  3050 | D:4      | Reached skill level 1 in Shields
  3130 | D:4      | Reached skill level 6 in Axes
  3291 | D:4      | Gained mutation: You have razor-sharp teeth. [Vine Stalker growth]
  3291 | D:4      | Reached XP level 8. HP: 40/40 MP: 9/9
  3359 | D:4      | Found a burning altar of Makhleb.
  3451 | D:5      | Entered Level 5 of the Dungeon
  4048 | D:5      | Reached skill level 7 in Axes
  4174 | D:5      | Noticed Pikel
  4247 | D:5      | Killed Pikel
  4247 | D:5      | Reached XP level 9. HP: 35/45 MP: 8/10
  4579 | D:6      | Reached skill level 8 in Axes
  4851 | D:6      | Found a runed door.
  5140 | D:6      | Noticed a hand axe
  5141 | D:6      | Noticed a dagger
  5150 | D:6      | Found a hide-covered altar of Uskayaw.
  5282 | D:6      | Noticed Crazy Yiuf
  5287 | D:6      | Killed Crazy Yiuf
  5303 | D:6      | Got a slimy mace
  5304 | D:6      | Identified the cursed +3 mace "Ituget" {crush, +Rage rC- Str+3 SInv} (You found it on level 6 of the Dungeon)
  5460 | D:7      | Found a staircase to the Ecumenical Temple.
  5469 | Temple   | Entered the Ecumenical Temple
  5641 | Temple   | Became a worshipper of Warmaster Okawaru
  6823 | D:8      | Reached skill level 5 in Armour
  6833 | D:8      | Noticed a two-headed ogre
  6841 | D:8      | Slain by a two-headed ogre

Vault maps used:
D:1:      sevenhm_arrival_forest_fort_large_4
D:2:      lemuel_round_altar
D:3:      lemuel_blue_sif_altar, portal_sewer_entry_d, first_bread
D:4:      nicolae_overflow_hidden_temple, nemelex_xobeh_ov_fountains_minmay,
          uniq_sigmund, uniq_grinder
D:5:      uniq_pikel
D:6:      dancing_weapons_uskayaw, uniq_crazy_yiuf_cottage
D:7:      minmay_temple_entry_statues_fountains
D:8:      lemuel_round_altar, lemuel_round_altar, uniq_maurice
Temple:   regret_index_temple_generic_petals
Sewer:    sewer_frog_island_02

Skill      XL: |  1  2  3  4  5  6  7  8  9 |
---------------+----------------------------+-----
Fighting       | 2 3 4 |  4.8
Axes           | 3 4 5 6 7 8 |  8.6
Stealth        | 1 2 |  2.0
Dodging        | 3 |  3.7
Armour         | 1 2 3 4 5 |  5.0
Throwing       | 2 |  2.0
Shields        | 1 2 |  2.6

Action                   |  1- 3 |  4- 6 |  7- 9 || total
-------------------------+-------+-------+-------++-------
Melee: War axe           |   104 |   223 |   124 ||   451
       Bite              |    20 |    64 |   101 ||   185
       Hand axe          |       |       |   153 ||   153
Throw: Throwing net      |     1 |     2 |     1 ||     4
  Use: Potion            |     4 |       |     1 ||     5
       Scroll            |       |       |     1 ||     1
 Stab: Sleeping          |     4 |       |       ||     4
  Eat: Chunk             |     2 |     6 |    10 ||    18
       Fruit             |       |       |     2 ||     2
Armor: Leather armour    |    48 |    61 |       ||   109
       Chain mail        |       |    71 |   133 ||   204
Dodge: Dodged            |    88 |   183 |    91 ||   362
Block: Buckler           |       |    23 |    50 ||    73

Table legend:
 A = Spawn XP
 B = Non-spawn XP
 C = Spawn XP percentage of total XP
 D = Spawn monster count
 E = Non-spawn monster count
 F = Spawn count percentage of total count
 G = Total turns spent on level
                    A         B        C        D         E        F      G
               +---------+---------+-------+---------+---------+-------+---------
         Total |       0 |    4004 |   0.0 |       0 |     184 |   0.0 |  6841
               +---------+---------+-------+---------+---------+-------+---------
           D:1 |       0 |      18 |   0.0 |       0 |      11 |   0.0 |   707
           D:2 |       0 |      41 |   0.0 |       0 |      19 |   0.0 |   754
           D:3 |       0 |     140 |   0.0 |       0 |      20 |   0.0 |  1072
           D:4 |       0 |     783 |   0.0 |       0 |      19 |   0.0 |   678
           D:5 |       0 |    1431 |   0.0 |       0 |      32 |   0.0 |  1397
           D:6 |       0 |     491 |   0.0 |       0 |      13 |   0.0 |   863
           D:7 |       0 |     466 |   0.0 |       0 |       6 |   0.0 |   756
           D:8 |       0 |     402 |   0.0 |       0 |      11 |   0.0 |    78
         Sewer |       0 |     232 |   0.0 |       0 |      53 |   0.0 |   311
               +---------+---------+-------+---------+---------+-------+---------
